 Dungeon Crawl Stone Soup version 0.23-a0-767-gdc19b93 (webtiles) character file.

127331 tilp the Phalangite (level 17, -5/133 HPs)
             Began as a Merfolk Ice Elementalist on Jan 17, 2019.
             Was a High Priest of Makhleb.
             Slain by a tentacled monstrosity (6 damage)
             ... on level 2 of the Swamp on Jan 19, 2019.
             The game lasted 03:03:53 (45162 turns).

tilp the Phalangite (Merfolk Ice Elementalist)     Turns: 45162, Time: 03:03:54

Health: -5/133     AC: 15    Str: 11    XL:     17   Next: 0%
Magic:  0/29       EV: 17    Int: 27    God:    Makhleb [*****.]
Gold:   989        SH:  0    Dex: 17    Spells: 7/32 levels left

rFire    + . .     SeeInvis +   M - +4 halberd (vamp)
rCold    . . .     Gourm    .   (shield currently unavailable)
rNeg     + . .     Faith    .   S - +1 leather armour of the Camelopard {Int+2}
rPois    +         Spirit   +   v - +2 helmet
rElec    +         Reflect  .   O - +2 cloak {rPois}
rCorr    .         Harm     .   (no gloves)
MR       ++...                  r - +2 pair of boots
Stlth    +++.......             d - amulet "Xixeameu" {Spirit rElec rN+ SInv}
HPRegen  0.32/turn              D - ring "Xukkak" {rPois MR+ AC+2 Str+2}
MPRegen  0.21/turn              A - ring of Moral Flaws {rPois rF+ Int+5 Dex+2}

@: very slightly contaminated, constricted, invisible
A: change form in water, swift swim, stealthy swim
a: Minor Destruction, Lesser Servant of Makhleb, Major Destruction, Greater
Servant of Makhleb, Renounce Religion


You were on level 2 of the Swamp.
You worshipped Makhleb.
Makhleb was extremely pleased with you.
You were not hungry.

You visited 5 branches of the dungeon, and saw 26 of its levels.
You also visited: Trove, Ossuary and Bailey.

You collected 2949 gold pieces.
You spent 1960 gold pieces at shops.

Inventory:

Hand Weapons
 M - a +4 vampiric halberd (weapon)
 P - a +1 bardiche of venom
Missiles
 n - 3 throwing nets
 W - 7 poisoned javelins (quivered)
Armour
 r - a +2 pair of boots (worn)
 v - a +2 helmet (worn)
 O - a +2 cloak of poison resistance (worn)
 S - the +1 leather armour of the Camelopard (worn) {Int+2}
   (You found it on level 12 of the Dungeon)

   It affects your intelligence (+2).
Magical Staves
 k - a cursed staff of poison {unknown}
 s - an uncursed staff of cold
Jewellery
 d - the amulet "Xixeameu" (around neck) {Spirit rElec rN+ SInv}
   (You took it off a centaur on level 11 of the Dungeon)

   [amulet of guardian spirit]

   It causes incoming damage to be split between your health and magic.
   It insulates you from electricity.
   It protects you from negative energy.
   It lets you see invisible.
 i - the amulet of Oschuqun {Reflect Int+2 SH+4 Stlth+}
   (You found it in a treasure trove)

   [amulet of reflection]

   It shields you and reflects attacks.
   It affects your intelligence (+2).
   It affects your SH (+4).
   It makes you more stealthy.
 x - the cursed ring "Ruadium" {rC+ MR++ EV-2}
   (You bought it in a shop on level 14 of the Dungeon)

   [ring of evasion]

   It affects your evasion (-2).
   It protects you from cold.
   It affects your resistance to hostile enchantments.
   It has a curse placed upon it.
 y - the ring "Noxkuqupoi" {rN+ Slay+2}
   (You found it in a treasure trove)

   [ring of positive energy]

   It affects your accuracy and damage with ranged weapons and melee attacks
   (+2).
   It protects you from negative energy.
 A - the ring of Moral Flaws (right hand) {rPois rF+ Int+5 Dex+2}
   (You found it in a treasure trove)

   [ring of intelligence]

   It affects your intelligence (+5).
   It affects your dexterity (+2).
   It protects you from fire.
   It protects you from poison.
 D - the ring "Xukkak" (left hand) {rPois MR+ AC+2 Str+2}
   (You found it in a treasure trove)

   [ring of protection]

   It affects your AC (+2).
   It affects your strength (+2).
   It protects you from poison.
   It affects your resistance to hostile enchantments.
 N - an uncursed ring of resist corrosion
 X - an uncursed ring of protection from fire
Wands
 b - a wand of paralysis (2)
 f - a wand of clouds (2)
 q - a wand of polymorph (33)
 w - a wand of acid (9)
 I - a wand of digging (9)
 L - a wand of flame (16)
 R - a wand of iceblast (5)
 V - a wand of enslavement (2)
Scrolls
 g - a scroll of identify
 h - 3 scrolls of magic mapping
 z - 6 scrolls of amnesia
 E - 10 scrolls of teleportation
 J - 3 scrolls of fog
 K - a scroll of remove curse
 T - 3 scrolls of enchant armour
 Y - 11 scrolls of enchant weapon
Potions
 e - a potion of resistance
 j - 14 potions of curing
 o - 5 potions of brilliance
 p - 2 potions of agility
 B - 3 potions of flight
 F - 5 potions of might
 G - a potion of mutation
 H - 3 potions of berserk rage
 Q - 5 potions of haste
 U - a potion of invisibility
Miscellaneous
 a - a fan of gales (inert)
 m - 2 sacks of spiders
 t - a phial of floods
 Z - a lamp of fire
Comestibles
 c - 34 rations
 u - 3 chunks of flesh


   Skills:
 - Level 12.0 Fighting
 + Level 21.8 Polearms
 - Level 12.0 Dodging
 - Level 4.1 Stealth
   Level 4.0 Shields
 - Level 8.0 Spellcasting
 - Level 0.7 Conjurations
 - Level 15.0 Ice Magic
 - Level 10.0 Invocations
 - Level 8.0 Evocations


You had 7 spell levels left.
You knew the following spells:

 Your Spells              Type           Power        Failure   Level  Hunger
a - Freeze                Ice            ####         0%          1    None
b - Throw Frost           Conj/Ice       ######       1%          2    None
c - Ozocubu's Armour      Chrm/Ice       ######..     1%          3    None
d - Throw Icicle          Conj/Ice       ######..     2%          4    ##.....
e - Summon Ice Beast      Ice/Summ       ######..     3%          4    ##.....
f - Regeneration          Chrm/Necr      ##........   21%         3    None
g - Spectral Weapon       Hex/Chrm       ##......     21%         3    None
h - Ensorcelled Hibernat  Hex/Ice        ######       1%          2    None
i - Tukima's Dance        Hex            ##......     21%         3    None

Your spell library contained the following spells:

 Spells                   Type           Power        Failure   Level  Hunger
 Magic Dart               Conj           ##..         5%          1    None
 Corona                   Hex            ##.....      7%          1    None
 Infusion                 Chrm           ##..         7%          1    None
 Searing Ray              Conj           ##....       8%          2    None
 Shroud of Golubria       Chrm/Tloc      ##........   11%         2    None
 Song of Slaying          Chrm           ##......     11%         2    None
 Dazzling Spray           Conj/Hex       ##....       19%         3    None
 Stone Arrow              Conj/Erth      ##....       19%         3    None
 Confuse                  Hex            ##......     21%         3    None
 Iskenderun's Mystic Bla  Conj           ##......     45%         4    ##.....
 Force Lance              Conj/Tloc      ##......     52%         4    ##.....
 Fulminant Prism          Conj/Hex       ##........   52%         4    ##.....
 Irradiate                Conj/Tmut      ##........   86%         5    ####...
 Lightning Bolt           Conj/Air       ##........   86%         5    ####...
 Hydra Form               Tmut           ##........   100%        6    ######.
 Statue Form              Tmut/Erth      ##.......    100%        6    ######.
 Dragon Form              Tmut           ##........   100%        7    #######


Dungeon Overview and Level Annotations

Branches:
Dungeon (15/15)            Temple (1/1) D:7            Lair (6/6) D:8
  Swamp (2/4) Lair:4        Snake (0/4) Lair:3        Slime (0/5) Lair:6
    Orc (2/2) D:11            Elf (0/3) Orc:2        Vaults (0/5) D:13
 Depths (0/5) D:15

Altars:
Ashenzari
Fedhas
Gozag
Makhleb
Nemelex Xobeh
Okawaru
Qazlal
Uskayaw
Wu Jian
Zin
The Shining One
Beogh

Shops:
D:11 *   D:14 %*%   Orc:2 :(??

Portals:
Pandemonium: Orc:2

Annotations:
D:4 1 runed door (temple of ely + angel)
D:10 tw has bardiche of venom
D:11 2 transporters, Zanta616's ghost, journeyman DsMo
D:12 2 transporters, Pomparse's ghost, journeyman TrWr
Lair:1 exclusion: oklob plant, Fannar
Lair:4 1 runed door, Nafrigg's ghost, adept DrCj; Rupert
Swamp:1 1 runed door


Message History

Your smoke demon closely misses the alligator.
Your smoke demon hits the alligator but does no damage.
The alligator bites your smoke demon!!
Your smoke demon dies!
The alligator barely misses you. The alligator closely misses you.
You are very lightly contaminated with residual magic.
You see here a vampire mosquito corpse.
You see here a vampire mosquito corpse.
The tentacled monstrosity tentacle-slaps you!
* * * LOW HITPOINT WARNING * * *
The tentacled monstrosity tentacle-slaps you but does no damage.
The tentacled monstrosity closely misses you.
The tentacled monstrosity grabs you.
* * * LOW HITPOINT WARNING * * *
The tentacled monstrosity constricts you.
The tentacled monstrosity's grasp on you weakens, but your attempt to escape fails.
The tentacled monstrosity tentacle-slaps you but does no damage. x2
The tentacled monstrosity tentacle-slaps you!
* * * LOW HITPOINT WARNING * * *
You die...

[≈≈≈≈≈♣..≈≈≈≈.♣
♣♣.≈≈≈≈≈≈..≈♣
...≈§♣♣♣≈≈≈≈≈.♣
♣≈..≈≈≈≈≈≈≈.♣ ≈^.≈≈≈
♣♣.≈≈≈.♣ ♣♣...≈≈♣≈≈≈.♣
♣♣.≈..♣
♣♣.≈≈.♣♣♣♣♣♣..≈≈≈≈≈≈.♣
♣.≈≈.♣
♣≈≈≈.♣♣.♣♣...≈≈≈≈≈≈.♣
♣.≈≈.≈
♣♣≈≈≈.....†...≈≈≈≈≈.≈♣
♣.
♣..≈≈≈.[..†♣♣§.≈≈≈≈≈.♣
♣♣♣.≈≈≈..X♣♣♣≈.≈≈.≈≈.♣
♣.≈≈.≈@.♣♣.♣..≈≈≈.♣♣
♣♣♣.≈♣≈♣♣♣♣≈≈≈≈≈≈.♣
♣♣♣♣≈≈≈.....≈≈..♣
≈≈≈≈≈≈.≈≈♣>..♣
≈≈≈≈≈≈...♣♣♣.≈♣♣♣♣
≈≈.≈≈≈≈≈≈<♣♣♣..≈.♣
....≈≈≈≈≈[≈♣♣.≈≈.♣≈
♣♣♣≈♣..≈≈≈≈≈.♣≈..≈♣. ♣
♣♣♣§≈≈≈..≈.≈≈≈.≈


You could see a tentacled monstrosity.

Vanquished Creatures
  A frost giant (D:15)
  A war gargoyle (D:15)
  2 very ugly things
  A fire dragon (D:15)
  A great orb of eyes (D:15)
  An ettin (D:15)
  A crystal guardian (D:15)
  Josephine (D:12)
  A deep elf high priest (D:15)
  2 yaktaur captains (D:15)
  A rakshasa (D:15)
  11 hydras
  A death knight (D:14)
  Harold (D:9)
  7 centaur warriors
  A shambling mangrove (Swamp:1)
  An ice dragon (D:15)
  6 alligators
  A death yak (Lair:6)
  4 two-headed ogres
  2 tengu warriors
  An ogre mage (D:15)
  7 orc high priests
  A spriggan druid (Swamp:2)
  6 unseen horrors
  A torturous demonspawn (Orc:2)
  2 swamp dragons
  A flayed ghost (D:15)
  4 orc knights
  A deep elf archer (D:15)
  A phantasmal warrior (D:15)
  Pikel (D:9)
  7 ugly things (D:15)
  5 manticores
  A deep elf mage (D:13)
  4 cyclopes
  6 orc sorcerers
  4 black mambas
  A rust devil (Orc:2)
  3 gargoyles
  7 spiny frogs
  A smoke demon (Orc:2)
  2 rime drakes (Lair:4)
  3 freezing wraiths (D:14)
  2 yaktaurs (D:15)
  2 kobold demonologists
  An efreet (D:15)
  10 komodo dragons
  2 ice devils (Orc:2)
  A tengu conjurer (D:14)
  4 tyrant leeches
  3 polar bears
  A meliai (shapeshifter) (D:15)
  8 trolls
  10 hornets
  13 blink frogs
  19 slime creatures
  A bog body (Swamp:1)
  3 hippogriffs
  A shadow (D:15)
  3 centaur simulacra
  14 spriggans
  5 wyverns
  5 wraiths
  5 vampires
  A water elemental (D:12)
  A ynoxinul (Orc:2)
  3 basilisks
  A steam dragon (D:8)
  33 yaks
  14 vampire mosquitoes
  Grum (D:8)
  2 hungry ghosts
  A warg (Orc:1)
  5 insubstantial wisps (Swamp:1)
  4 nagas (Lair:3)
  A soldier ant (D:14)
  10 water moccasins
  5 swamp worms
  9 porcupines
  2 acid dragons
  45 orc warriors
  2 swamp drakes
  2 ice beasts
  4 slaves (D:9)
  A hornet zombie (D:15)
  4 phantoms
  4 black bears
  6 necrophages
  15 ogres
  28 wolves
  6 boggarts
  24 centaurs
  11 crocodiles
  A big kobold (D:10)
  14 bullfrogs
  2 wyvern zombies
  12 killer bees
  11 scorpions
  14 wights
  An electric eel (Lair:5)
  A vampire bat (D:14)
  4 crimson imps
  A quasit (D:7)
  2 bullfrog zombies
  2 centaur zombies
  5 jellies
  7 centaur skeletons
  3 bullfrog skeletons
  34 orc priests
  6 hounds
  Natasha (thrice) (D:4)
  3 iguanas
  15 orc wizards
  12 worker ants
  8 mummies (Ossuary)
  A hound zombie (D:7)
  A hound skeleton (D:4)
  2 worker ant zombies
  14 adders
  5 shadow imps
  2 oozes
  An adder skeleton (D:8)
  A worm (D:4)
  3 dart slugs
  5 leopard geckos
  114 orcs
  12 bats
  6 giant cockroaches
  A gnoll zombie (Ossuary)
  15 goblins
  7 hobgoblins
  25 jackals
  4 quokkas
  A ball python (D:2)
  A ball python skeleton (D:4)
  4 frilled lizards
  3 hobgoblin zombies (Ossuary)
  13 kobolds
  2 kobold zombies (Ossuary)
  A leopard gecko skeleton (D:7)
  A leopard gecko zombie (D:5)
  2 orc zombies (Ossuary)
  A quokka skeleton (D:5)
  6 rats
891 creatures vanquished.

Vanquished Creatures (collateral kills)
  A tengu reaver (D:15)
  An ettin (Orc:2)
  2 hydras
  A tengu warrior (D:14)
  2 death yaks (Lair:6)
  An infernal demonspawn (Orc:2)
  A torturous demonspawn (Orc:2)
  3 orc knights
  3 orc sorcerers (Orc:2)
  A rust devil (Orc:2)
  A rime drake (Lair:6)
  A spiny frog (Swamp:2)
  A polar bear (Lair:6)
  A bog body (Swamp:1)
  3 yaks
  3 basilisks
  A vampire mosquito (Swamp:1)
  An insubstantial wisp (Swamp:1)
  2 orc warriors
  8 wolves
  A crocodile (Lair:6)
  3 orc priests
  A worker ant (D:11)
  3 orcs
46 creatures vanquished.

Vanquished Creatures (others)
  A shadow wraith (D:15)
  An orc priest (Orc:2)
  An orc (Orc:2)
  A goblin (D:5)
  3 bushes (D:14)
  6 fungi
  A plant (D:15)
  21 spectral weapons
35 creatures vanquished.

Grand Total: 972 creatures vanquished

Notes
Turn   | Place    | Note
-------+----------+-------------------------------------------
     0 | D:1      | tilp the Merfolk Ice Elementalist began the quest for the
                  | Orb.
     0 | D:1      | Reached XP level 1. HP: 13/13 MP: 3/3
   540 | D:1      | Reached XP level 2. HP: 14/19 MP: 1/5
   753 | D:1      | Upgraded the game from 0.23-a0-730-g0b75920 to
                  | 0.23-a0-756-g517b432
  1110 | D:2      | Learned a level 2 spell: Throw Frost
  1195 | D:2      | Reached XP level 3. HP: 21/24 MP: 3/6
  1376 | D:2      | Noticed a water elemental
  1379 | D:2      | Found a stormy altar of Qazlal.
  1380 | D:2      | Noticed an air elemental
  1381 | D:2      | Noticed an earth elemental
  1381 | D:2      | Noticed a fire elemental
  1434 | D:2      | Reached skill level 5 in Ice Magic
  1453 | D:2      | Learned a level 3 spell: Ozocubu's Armour
  1469 | D:2      | Reached XP level 4. HP: 24/30 MP: 7/7
  2100 | D:3      | Reached XP level 5. HP: 35/35 MP: 1/8
  2383 | D:3      | Noticed a phantom
  2467 | D:3      | Killed a phantom
  2467 | D:3      | Reached XP level 6. HP: 15/41 MP: 7/9
  3182 | D:4      | Noticed Natasha
  3192 | D:4      | Killed Natasha
  3299 | D:4      | Got a crude ring mail
  3470 | D:4      | Reached skill level 1 in Fighting
  3470 | D:4      | Reached XP level 7. HP: 33/48 MP: 5/10
  3830 | D:4      | Found a glowing silver altar of Zin.
  3831 | D:4      | Found a runed door.
  3831 | D:4      | Noticed an angel
  3897 | D:4      | Noticed Natasha
  3903 | D:4      | Killed Natasha
  4006 | D:4      | Noticed Natasha
  4011 | D:4      | Killed Natasha
  4165 | D:5      | Entered Level 5 of the Dungeon
  4517 | D:5      | Reached skill level 5 in Dodging
  4558 | D:5      | Reached XP level 8. HP: 60/60 MP: 6/11
  4804 | D:5      | Found a sparkling altar of Nemelex Xobeh.
  4851 | D:5      | Reached skill level 5 in Fighting
  5162 | D:6      | Found a sand-covered staircase.
  5170 | Ossuary  | Entered an ossuary
  5436 | Ossuary  | Identified the cursed +0 ring mail of the Forsaken Demons
                  | {rElec rF- Dex+2} (You found it on level 4 of the Dungeon)
  6093 | D:6      | You fall through a shaft for 3 floors!
  6094 | D:9      | Noticed a yak
  6099 | D:9      | Noticed a yak
  6118 | D:9      | Killed a yak
  6127 | D:9      | Noticed a yak
  6139 | D:9      | Noticed a yak
  6142 | D:9      | Killed a yak
  6142 | D:9      | Reached skill level 5 in Spellcasting
  6142 | D:9      | Reached XP level 9. HP: 65/70 MP: 11/16
  6348 | D:9      | Noticed a troll
  6360 | D:9      | Killed a troll
  6641 | D:9      | Reached skill level 10 in Ice Magic
  6646 | D:9      | Reached XP level 10. HP: 68/77 MP: 19/19
  6796 | D:8      | Found an iron altar of Okawaru.
  6889 | D:7      | Found a staircase to the Ecumenical Temple.
  6920 | Temple   | Entered the Ecumenical Temple
  6928 | Temple   | Became a worshipper of Makhleb the Destroyer
  6953 | D:7      | Found a flagged portal.
  6964 | Bailey   | Entered a bailey
  8429 | Bailey   | Reached * piety under Makhleb
  8850 | Bailey   | Reached skill level 5 in Invocations
  8850 | Bailey   | Reached XP level 11. HP: 82/87 MP: 20/20
  9479 | D:6      | Upgraded the game from 0.23-a0-756-g517b432 to
                  | 0.23-a0-767-gdc19b93
  9557 | D:7      | Found a glowing silver altar of Zin.
  9763 | D:7      | Reached ** piety under Makhleb
 10026 | D:8      | Noticed Grum
 10070 | D:8      | Killed Grum
 11259 | D:8      | Found a staircase to the Lair.
 11399 | D:8      | Reached XP level 12. HP: 84/93 MP: 24/24
 11417 | D:8      | Learned a level 4 spell: Throw Icicle
 11422 | D:8      | Learned a level 4 spell: Summon Ice Beast
 11575 | D:9      | Noticed Harold
 11599 | D:9      | Killed Harold
 11857 | D:9      | You fall through a shaft!
 11857 | D:10     | Entered Level 10 of the Dungeon
 12042 | D:9      | Reached *** piety under Makhleb
 12199 | D:9      | Noticed Pikel
 12243 | D:9      | Killed Pikel
 13246 | D:10     | Noticed a tengu warrior
 13374 | D:11     | Found Miemn's Assorted Antiques.
 13621 | D:11     | Noticed Zanta616's ghost (journeyman DsMo)
 13622 | D:11     | Found a transporter.
 13793 | D:11     | Found a roughly hewn altar of Beogh.
 13821 | D:11     | Reached skill level 10 in Dodging
 13863 | D:11     | Found a staircase to the Orcish Mines.
 13890 | D:11     | Reached **** piety under Makhleb
 13917 | D:11     | Noticed a two-headed ogre
 13920 | D:11     | Found a transporter.
 14092 | D:11     | Reached skill level 10 in Fighting
 14180 | D:11     | Identified the amulet "Xixeameu" {Spirit rElec rN+ SInv}
 14817 | Lair:1   | Entered Level 1 of the Lair of Beasts
 14840 | Lair:1   | Noticed an eight-headed hydra
 14851 | Lair:1   | Killed an eight-headed hydra
 15319 | Lair:1   | Noticed Fannar
 17331 | Lair:3   | Found a staircase to the Snake Pit.
 17587 | Lair:3   | Noticed a five-headed hydra
 17597 | Lair:3   | Killed a five-headed hydra
 17846 | Lair:3   | Reached XP level 13. HP: 102/102 MP: 15/25
 17856 | Lair:3   | Reached skill level 15 in Ice Magic
 18016 | Lair:3   | You fall through a shaft for 2 floors!
 20482 | Lair:4   | Identified the amulet of Risid {Inacc rN+ MP+9 Int+2 Dex-5}
                  | (You found it on level 4 of the Lair of Beasts)
 20522 | Lair:4   | Found a staircase to the Swamp.
 20579 | Lair:4   | Reached skill level 10 in Invocations
 20745 | Lair:4   | Noticed Rupert
 20977 | Lair:4   | Found a runed door.
 20981 | Lair:4   | Noticed Nafrigg's ghost (adept DrCj)
 21109 | Lair:6   | Entered Level 6 of the Lair of Beasts
 22116 | Lair:6   | Found a staircase to the Slime Pits.
 22914 | Lair:6   | Reached XP level 14. HP: 112/112 MP: 12/26
 23446 | Lair:6   | Reached skill level 1 in Shields
 23627 | Lair:6   | Identified the +4 spear of Trauma {venom, +Fly} (You found
                  | it on level 6 of the Lair of Beasts)
 24270 | Orc:1    | Entered Level 1 of the Orcish Mines
 24488 | Orc:1    | Paralysed by an orc sorcerer for 5 turns
 24898 | Orc:2    | Entered Level 2 of the Orcish Mines
 25598 | Orc:1    | Reached skill level 5 in Evocations
 26054 | Orc:2    | Found a staircase to the Elven Halls.
 26817 | Orc:1    | Reached ***** piety under Makhleb
 27238 | Orc:2    | Paralysed by an orc sorcerer for 3 turns
 27709 | Orc:1    | Paralysed by an orc sorcerer for 5 turns
 29058 | Orc:2    | Found Vogyhum's Magic Scroll Emporium.
 29237 | Orc:2    | Found Ychithrekk's Magic Scroll Shoppe.
 29967 | Orc:2    | Reached skill level 2 in Polearms
 30118 | Orc:2    | Reached skill level 3 in Polearms
 30271 | Orc:2    | Reached skill level 4 in Polearms
 30562 | Orc:2    | Reached skill level 5 in Polearms
 31135 | Orc:2    | Reached skill level 6 in Polearms
 31477 | Orc:2    | Reached skill level 7 in Polearms
 31686 | Orc:2    | Paralysed by an orc sorcerer for 5 turns
 31707 | Orc:2    | Reached skill level 8 in Polearms
 32282 | Orc:2    | Reached skill level 9 in Polearms
 32457 | Orc:2    | Found Bivobriu's Book Shop.
 32457 | Orc:2    | Found a one-way gate leading to the halls of Pandemonium.
 32457 | Orc:2    | Found Tyge's Antique Weapon Boutique.
 32490 | Orc:2    | Bought a scroll of acquirement for 780 gold pieces
 32496 | Orc:2    | Bought a scroll of enchant armour for 112 gold pieces
 32496 | Orc:2    | Bought a scroll of enchant armour for 112 gold pieces
 32496 | Orc:2    | Bought a scroll of identify for 30 gold pieces
 32496 | Orc:2    | Bought a scroll of identify for 30 gold pieces
 32525 | Orc:2    | Bought a book of Maledictions for 375 gold pieces
 32528 | Orc:2    | Learned a level 2 spell: Ensorcelled Hibernation
 32532 | Orc:2    | Learned a level 3 spell: Tukima's Dance
 32650 | D:11     | Bought a scroll labeled KET MUUDUIHU for 28 gold pieces
 32650 | D:11     | Bought a scroll of identify for 56 gold pieces
 32650 | D:11     | Bought a scroll of identify for 56 gold pieces
 32650 | D:11     | Bought a scroll of teleportation for 84 gold pieces
 33067 | D:12     | Reached XP level 15. HP: 68/120 MP: 9/27
 33233 | D:12     | Identified the +1 leather armour of the Camelopard {Int+2}
                  | (You found it on level 12 of the Dungeon)
 33621 | D:12     | Found a transporter.
 33623 | D:12     | Found a transporter.
 33623 | D:12     | Identified the +11 great mace of the Tiger {flame, MR++
                  | Str+2}
 33623 | D:12     | Noticed a fire giant
 33624 | D:12     | Noticed Pomparse's ghost (journeyman TrWr)
 33746 | D:12     | Reached skill level 10 in Polearms
 34296 | D:12     | Reached skill level 11 in Polearms
 34501 | D:12     | Noticed Josephine
 34505 | D:12     | Killed Josephine
 34717 | D:13     | Found a portal to a secret trove of treasure.
 34740 | D:13     | Reached skill level 12 in Polearms
 34767 | D:13     | You paid a toll of 6 scrolls of blinking to enter a
                  | treasure trove
 34768 | Trove    | Entered a treasure trove
 34776 | Trove    | Got an ancient diamond amulet
 34780 | Trove    | Got a vibrating ivory ring
 34790 | Trove    | Got a faintly glowing pewter ring
 34792 | Trove    | Identified the amulet of Oschuqun {Reflect Int+2 SH+4
                  | Stlth+} (You found it in a treasure trove)
 34793 | Trove    | Identified the ring of Moral Flaws {rPois rF+ Int+5 Dex+2}
                  | (You found it in a treasure trove)
 34794 | Trove    | Identified the ring of Vehumet's Wrath {Fire Dex+2} (You
                  | found it in a treasure trove)
 34815 | Trove    | Got a faintly glowing ivory ring
 34816 | Trove    | Identified the ring "Xukkak" {rPois MR+ AC+2 Str+2} (You
                  | found it in a treasure trove)
 34822 | Trove    | Got a bound copper ring
 34829 | Trove    | Identified the ring "Qouluofe" {rPois rN+} (You found it in
                  | a treasure trove)
 34837 | Trove    | Got a crude platinum ring
 34848 | Trove    | Got an ancient iron ring
 35191 | D:13     | Found a gate to the Vaults.
 35562 | D:14     | Reached skill level 13 in Polearms
 36001 | D:14     | Found Qualof's Food Boutique.
 36022 | D:14     | Identified the ring "Dietany" {rPois MP+9 Slay+3} (You
                  | found it in a treasure trove)
 36208 | D:14     | Learned a level 3 spell: Regeneration
 36212 | D:14     | Learned a level 3 spell: Spectral Weapon
 36285 | D:14     | Reached skill level 14 in Polearms
 36471 | D:14     | Found Piteu's Assorted Antiques.
 36585 | D:14     | Identified the Guide on Conjuration
 36614 | D:14     | Identified the ring "Noxkuqupoi" {rN+ Slay+2} (You found it
                  | in a treasure trove)
 36746 | D:14     | Found Cumig's Food Shoppe.
 36832 | D:14     | Bought an ancient brass ring for 155 gold pieces
 36832 | D:14     | Identified the cursed ring "Ruadium" {rC+ MR++ EV-2} (You
                  | bought it in a shop on level 14 of the Dungeon)
 36854 | D:15     | Entered Level 15 of the Dungeon
 37179 | D:15     | Reached skill level 15 in Polearms
 38187 | D:15     | Found a hide-covered altar of Uskayaw.
 38187 | D:15     | Found a burning altar of Makhleb.
 38329 | D:15     | Found a staircase to the Depths.
 38405 | D:15     | Found a glowing golden altar of the Shining One.
 38435 | D:15     | Reached skill level 16 in Polearms
 38837 | D:15     | Reached skill level 17 in Polearms
 38918 | D:15     | Reached XP level 16. HP: 126/126 MP: 14/28
 39415 | D:15     | Reached skill level 18 in Polearms
 40365 | D:15     | Identified the +0 shield "Tuveegu" {SInv}
 40365 | D:15     | Noticed a tengu reaver
 40419 | D:15     | Killed a tengu reaver
 40419 | D:15     | Reached skill level 19 in Polearms
 42075 | Orc:2    | Bought a scroll of blinking for 112 gold pieces
 42075 | Orc:2    | Bought a scroll of identify for 30 gold pieces
 42306 | Swamp:1  | Entered Level 1 of the Swamp
 42333 | Swamp:1  | Reached skill level 20 in Polearms
 43176 | Swamp:1  | Found a runed door.
 43500 | Swamp:1  | Reached skill level 21 in Polearms
 43907 | Swamp:2  | Noticed a tentacled monstrosity
 45130 | Swamp:2  | Reached XP level 17. HP: 33/133 MP: 0/29
 45161 | Swamp:2  | HP: 6/133 [tentacled monstrosity (6)]
 45162 | Swamp:2  | HP: 1/133 [tentacled monstrosity (6)]
 45162 | Swamp:2  | Slain by a tentacled monstrosity

Vault maps used:
D:1:      wander_arrival_abandoned_jail, grunt_decor_mini_mirrors,
          minmay_misc_feat_pillars
D:2:      nicolae_qazlal_style_of_elements
D:3:      serial_curves, eino_curves_03, eino_curves_02
D:4:      first_ration, minmay_strange_pillars, lemuel_angel_altar, uniq_natasha
D:5:      nemelex_altar_shiori
D:6:      nicolae_ossuary_entry_plus, minmay_crystal_room,
          kennysheep_generic_room_4
D:7:      zin_academy, minmay_temple_entry_glassed_door, enter_bailey_3
D:8:      kennysheep_okawaru_gauntlet, erik_lair_dragon, uniq_grum
D:9:      uniq_pikel, uniq_harold
D:10:     grunt_tengu_nest
D:11:     david_orc_5, serial_shops, shop, gammafunk_ghost_smash
D:12:     gammafunk_ghost_smash, minivault_4, minmay_misc_feat_roman,
          minivault_19, uniq_josephine
D:13:     david_vaults_1, enter_trove_0
D:14:     minmay_hedge_maze, serial_shops, shop, nicolae_shop_window_shopping,
          shop, roderic_batcave
D:15:     hangedman_slaughterboxes
Temple:   regret_index_temple_mists
Lair:1:   minmay_lair_oklob_bushes, grunt_megastairs_1, serial_bayou_shore_a,
          uniq_fannar
Lair:2:   chequers_serial_rivers_small_b
Lair:3:   minmay_snake_entry_guardpost_small
Lair:4:   swamp_mist_pool, gammafunk_ghost_grave, uniq_rupert
Lair:5:   st_stairs_8, bh_chokoban, nicolae_quartered_pool_super,
          roderic_carrion_pond, grunt_megastairs_4
Lair:6:   minmay_lair_end_enchanted_forest, slime_dummy,
          grunt_forest_stairs_basic
Swamp:1:  gammafunk_mikee_crab_dinner, nicolae_swamp_round_clearing,
          infiniplex_staircase_pool
Swamp:2:  hangedman_swamp_ruin_wall
Orc:2:    pf_orc_diabolical
Trove:    trove_jewel_1
Ossuary:  ossuary_tomb_3
Bailey:   bailey_polearm_flooded_kennysheep, bailey

Skill      XL: |  1  2  3  4  5  6  7  8  9 10 11 12 13 14 15 16 |
---------------+-------------------------------------------------+-----
Ice Magic      | 4 5 6 7 8 10 13 14 15 | 15.0
Fighting       | 1 4 6 8 10 11 12 | 12.0
Dodging        | 3 5 6 8 10 12 | 12.0
Spellcasting   | 5 6 8 |  8.0
Evocations     | 4 8 |  8.0
Invocations    | 5 10 | 10.0
Stealth        | 3 4 |  4.1
Shields        | 4 |  4.0
Polearms       | 9 17 21 | 21.8
Conjurations   | |  0.7

Action                   |  1- 3 |  4- 6 |  7- 9 | 10-12 | 13-15 | 16-18 || total
-------------------------+-------+-------+-------+-------+-------+-------++-------
Melee: Unarmed           |     8 |       |       |       |       |       ||     8
       Dagger            |    30 |   100 |   361 |   942 |  1275 |       ||  2708
       Tailslap          |       |       |       |    10 |       |     1 ||    11
       Demon trident     |       |       |       |       |   542 |       ||   542
       Halberd           |       |       |       |       |     6 |   525 ||   531
Throw: Tomahawk          |     5 |    16 |    29 |    43 |    30 |     1 ||   124
       Javelin           |       |       |       |     3 |       |     4 ||     7
 Cast: Freeze            |    25 |    26 |    23 |   148 |   328 |    33 ||   583
       Ozocubu's Armour  |       |     1 |    14 |    72 |   154 |    51 ||   292
       Throw Frost       |       |     2 |     5 |    23 |    42 |     6 ||    78
       Summon Ice Beast  |       |       |       |     7 |     6 |       ||    13
       Throw Icicle      |       |       |       |       |   130 |    49 ||   179
       Spectral Weapon   |       |       |       |       |    29 |    35 ||    64
       Regeneration      |       |       |       |       |     1 |     2 ||     3
Invok: Lesser Servant of |       |       |       |     7 |    33 |    10 ||    50
       Minor Destruction |       |       |       |       |     2 |       ||     2
       Major Destruction |       |       |       |       |     1 |       ||     1
       Greater Servant o |       |       |       |       |       |     1 ||     1
Evoke: Wand              |       |       |       |     3 |    10 |     7 ||    20
       Lamp of fire      |       |       |       |       |     3 |       ||     3
       Sack of spiders   |       |       |       |       |     3 |     1 ||     4
       Phial of floods   |       |       |       |       |     1 |       ||     1
       Fan of gales      |       |       |       |       |       |     1 ||     1
  Use: Potion            |       |     2 |     3 |     2 |     1 |     7 ||    15
       Scroll            |       |     7 |     7 |    19 |    17 |     7 ||    57
 Stab: Sleeping          |     5 |     2 |     3 |    16 |    16 |       ||    42
       Distracted        |       |       |       |     3 |     6 |     3 ||    12
  Eat: Chunk             |     2 |     7 |    11 |    31 |    58 |     9 ||   118
       Ration            |       |       |     1 |     2 |     9 |     3 ||    15
Armor: Robe              |     8 |    10 |       |   184 |   343 |       ||   545
       Skin              |       |    49 |    39 |     8 |       |       ||    96
       Leather armour    |       |     2 |    61 |   121 |   125 |   270 ||   579
Dodge: Dodged            |    44 |    64 |   205 |  1134 |  1733 |   611 ||  3791
Block: Buckler           |       |       |       |       |   226 |       ||   226

Table legend:
 A = Non-vault XP
 B = Vault XP
 C = Vault XP percentage of total XP
 D = Non-vault monster count
 E = Vault monster count
 F = Vault count percentage of total count
                 A         B        C        D         E       F
            +---------+---------+-------+---------+---------+-------
      Total |   92011 |   82666 |  47.3 |     609 |     325 |  34.8
            +---------+---------+-------+---------+---------+-------
        D:1 |      23 |       0 |   0.0 |      15 |       0 |   0.0
        D:2 |      69 |       0 |   0.0 |      22 |       0 |   0.0
        D:3 |     312 |       0 |   0.0 |      33 |       0 |   0.0
        D:4 |     377 |      37 |   8.9 |      21 |       1 |   4.5
        D:5 |     971 |       0 |   0.0 |      29 |       0 |   0.0
        D:6 |    1059 |      90 |   7.8 |      13 |       1 |   7.1
        D:7 |    1048 |       8 |   0.8 |      28 |       4 |  12.5
        D:8 |    1195 |    1238 |  50.9 |      30 |      10 |  25.0
        D:9 |    3384 |    1442 |  29.9 |      27 |       2 |   6.9
       D:10 |    2415 |     906 |  27.3 |      34 |       1 |   2.9
       D:11 |    2679 |     512 |  16.0 |      20 |      24 |  54.5
       D:12 |    6106 |    1648 |  21.3 |      29 |       4 |  12.1
       D:13 |    2729 |    1456 |  34.8 |      19 |       2 |   9.5
       D:14 |    9649 |      63 |   0.6 |      34 |       6 |  15.0
       D:15 |     822 |   47216 |  98.3 |       3 |      90 |  96.8
     Lair:1 |    1461 |     288 |  16.5 |       8 |       2 |  20.0
     Lair:2 |    2381 |       0 |   0.0 |      12 |       0 |   0.0
     Lair:3 |    2242 |     646 |  22.4 |      10 |       4 |  28.6
     Lair:4 |    4909 |       0 |   0.0 |      25 |       0 |   0.0
     Lair:5 |    7128 |     902 |  11.2 |      35 |       7 |  16.7
     Lair:6 |    6740 |    7899 |  54.0 |      24 |      46 |  65.7
    Swamp:1 |   15557 |       0 |   0.0 |      42 |       0 |   0.0
    Swamp:2 |    9136 |       0 |   0.0 |      17 |       0 |   0.0
      Orc:1 |    5831 |     178 |   3.0 |      50 |       2 |   3.8
      Orc:2 |    3788 |   15671 |  80.5 |      29 |      64 |  68.8
    Ossuary |       0 |     160 | 100.0 |       0 |      16 | 100.0
     Bailey |       0 |    2306 | 100.0 |       0 |      39 | 100.0
            +---------+---------+-------+---------+---------+-------
